AoeStats
← Unknown

Nomad

509113642Analyzed
2v2 RM · 7d ago on Sep 25, 2026· 37m 0s· 4 players
Game mode
Random Map
Map size
176×176
Population
200
Speed
Normal
Resources
Standard
Victory
Conquest
Starting age
Dark Age
Ending age
Imperial Age
RankedLock teamsTeams togetherTeam positionsShared explorationLock speedFull tech treeHidden civsTurbo modeCheats
Victory
Defeat
🇧🇷 Vikings · Brazil
1122
+14
🇵🇪 Huns · Peru
1119
+14
🇿🇦 Koreans · South Africa
1128
-16
🇿🇦 Franks · South Africa
1020
-12
Unknown
10:12 Loom
12:41 Feudal Age
16:45 Castle Age
14:59 Horse Collar
17:40 Heavy Plow
19:42 Loom
22:27 Wheelbarrow
25:54 Double-Bit Axe
30:27 Imperial Age
28:54 Marauders
29:05 Scale Barding Armor
29:13 Forging
29:44 Husbandry
29:55 Bloodlines
30:55 Chain Barding Armor
31:14 Iron Casting
30:44 Elite Tarkan
31:33 Town Watch
32:38 Plate Barding Armor
34:19 Blast Furnace
cmvaroda
4:40 Loom
13:05 Feudal Age
18:50 Castle Age
17:18 Padded Archer Armor
19:42 Crossbowman
30:22 Horse Collar
30:30 Double-Bit Axe
34:40 Imperial Age
34:22 Leather Archer Armor
34:32 Ballistics
35:17 Arbalester
37:01 Fletching
37:16 Gold Mining
37:42 Bow Saw
andrewisking
2:43 Loom
14:56 Feudal Age
17:46 Wheelbarrow
24:54 Castle Age
29:27 Double-Bit Axe
35:04 Husbandry
37:05 Town Watch
37:40 Hand Cart
sam4liverpool
4:47 Loom
14:21 Feudal Age
15:01 Double-Bit Axe
19:50 Castle Age
19:59 Fletching
20:25 Forging
21:05 Medium Warships
28:37 Horse Collar
30:10 Wheelbarrow
30:28 Fishing Lines
31:25 Town Watch
31:44 Gillnets
35:58 Imperial Age
33:40 Thumb Ring
32:55 Crossbowman
35:07 Scale Mail Armor
35:44 Iron Casting
Connection lost

Rejoining the realm…

Still unreachable

The connection could not be restored.

Session expired

The server has moved on; the page needs a fresh start.